 Dungeon Crawl Stone Soup version 0.28.0-47-ge53b351184 (webtiles) character file.

Game seed: 12039402347557203763

88 croobank the Covert (level 4, -1/41 HPs)
             Began as a Gnoll Delver on Apr 29, 2022.
             Slain by an orc wizard
             ... wielding a +0 dagger
              (3 damage)
             ... on level 4 of the Dungeon.
             The game lasted 00:08:45 (1326 turns).

croobank the Covert (Gnoll Delver)                  Turns: 1326, Time: 00:08:47

Health: -1/41      AC:  4    Str: 14    XL:     4   Next: 53%
Magic:  5/5        EV: 13    Int:  9    God:
Gold:   64         SH:  0    Dex: 13    Spells: 5/5 levels left

rFire   . . .      SeeInvis .   a - +0 hand axe
rCold   . . .      Faith    .   (no shield)
rNeg    . . .      Spirit   .   b - +0 leather armour
rPois   .          Reflect  .   (no helmet)
rElec   .          Harm     .   (no cloak)
rCorr   .          Rampage  .   (no gloves)
Will    .....                   f - +0 pair of boots
Stlth   ++++......              (no amulet)
HPRegen 0.13/turn               (no ring)
MPRegen 0.09/turn               (no ring)

@: no status effects
A: fangs 1, strong nose, distributed training
a: no special abilities


You were on level 4 of the Dungeon.
You visited 1 branch of the dungeon, and saw 2 of its levels.

You collected 64 gold pieces.

Inventory:

Hand Weapons
 a - a +0 hand axe (weapon)
 d - a +0 dagger
 e - a +0 spear
Missiles
 h - 21 stones (quivered)
 i - 10 arrows
Armour
 b - a +0 leather armour (worn)
 f - a +0 pair of boots (worn)
Wands
 g - a wand of digging (2)


   Skills:
 + Level 6.6 Fighting
 + Level 1.2 Short Blades
 + Level 1.2 Long Blades
 + Level 4.6 Axes
 + Level 1.2 Maces & Flails
 + Level 1.2 Polearms
 + Level 1.2 Staves
 + Level 1.2 Slings
 + Level 1.2 Bows
 + Level 1.2 Crossbows
 + Level 1.2 Throwing
 + Level 1.2 Armour
 + Level 4.6 Dodging
 + Level 9.6 Stealth
 + Level 1.2 Shields
 + Level 1.2 Unarmed Combat
 + Level 1.2 Spellcasting
 + Level 1.0 Conjurations
 + Level 1.0 Hexes
 + Level 1.0 Summonings
 + Level 1.0 Necromancy
 + Level 1.0 Translocations
 + Level 1.0 Transmutations
 + Level 1.0 Fire Magic
 + Level 1.0 Ice Magic
 + Level 1.0 Air Magic
 + Level 1.0 Earth Magic
 + Level 1.0 Poison Magic
 + Level 1.3 Invocations
 + Level 1.2 Evocations


You had 5 spell levels left.
You didn't know any spells.
Your spell library contained the following spells:

 Spells                   Type           Power      Damage    Failure   Level
 Freeze                   Ice            8%         1d3       30%         1
 Frozen Ramparts          Ice            4%         1d2       65%         3
 Hailstorm                Conj/Ice       2%         3d3       96%         4


Dungeon Overview and Level Annotations

Branches:
Dungeon (5/15)
 Temple: D:4-7

Altars:


Innate Abilities, Weirdness & Mutations

You have very sharp teeth.
Your uncanny sense of smell can sniff out nearby items.
Your experience applies equally to all skills.


Message History

The orc closely misses you. The orc misses you.
You hit the orc but do no damage.
The orc is almost dead.
The orc hits you with a +0 flail.
* * * LOW HITPOINT WARNING * * *
You barely miss the orc.
The orc is almost dead.
The orc closely misses you.
You hit the orc.
You kill the orc!
Your Conjurations skill increases to level 1!
Your Hexes skill increases to level 1!
Your Summonings skill increases to level 1!
Your Necromancy skill increases to level 1!
Your Translocations skill increases to level 1!
Your Transmutations skill increases to level 1!
Your Fire Magic skill increases to level 1!
Your Ice Magic skill increases to level 1!
Your Air Magic skill increases to level 1!
Your Earth Magic skill increases to level 1!
Your Poison Magic skill increases to level 1!
You aren't carrying any potions.
You aren't carrying any scrolls.
You hit something. Something hits you.
* * * LOW HITPOINT WARNING * * *
You hit something. Your bite misses something. Something hits you.
* * * LOW HITPOINT WARNING * * *
You miss something. Something hits you but does no damage.
You miss something.
You hear some strange, mumbled words.
A magic dart appears from out of thin air!
The magic dart hits you.
* * * LOW HITPOINT WARNING * * *
You hit something but do no damage. Your bite misses something.
You hear some strange, mumbled words.
A puff of flame appears from out of thin air!
The puff of flame hits you.
* * * LOW HITPOINT WARNING * * *
Something hits you.
You die...

... ##......# ..oo
#......# ..... ######
#......#
......#....###......#
.....o..##..##......#
........###..##.....#
.......## #..##.....#
....... ##.{#.....#
####.## ###@.....# ##
######.....#
#..###...###
#.......## #......##
#.###..# #.# #.##
##.# ### #.##


There were no monsters in sight!

Vanquished Creatures
  An orc priest (D:4)
  A centaur skeleton (D:4)
  2 gnolls (D:4)
  A dart slug (D:4)
  3 orcs (D:4)
  2 goblins (D:4)
  2 kobolds (D:4)
12 creatures vanquished.

Notes
Turn   | Place    | Note
-------+----------+-------------------------------------------
     0 | D:5      | Reached skill level 9 in Stealth
     0 | D:5      | croobank the Gnoll Delver began the quest for the Orb.
     0 | D:5      | Reached XP level 1. HP: 23/23 MP: 1/1
     9 | D:5      | Noticed a howler monkey
    49 | D:4      | Reached XP level 2. HP: 11/29 MP: 2/2
    49 | D:4      | Reached XP level 3. HP: 14/35 MP: 3/3
   596 | D:5      | Noticed an ogre
   598 | D:5      | Noticed a scorpion
   638 | D:4      | Reached skill level 1 in Invocations
   899 | D:4      | Reached skill level 1 in Short Blades
   899 | D:4      | Reached skill level 1 in Long Blades
   899 | D:4      | Reached skill level 1 in Maces & Flails
   899 | D:4      | Reached skill level 1 in Polearms
   899 | D:4      | Reached skill level 1 in Staves
   899 | D:4      | Reached skill level 1 in Slings
   899 | D:4      | Reached skill level 1 in Bows
   899 | D:4      | Reached skill level 1 in Crossbows
   899 | D:4      | Reached skill level 1 in Throwing
   899 | D:4      | Reached skill level 1 in Armour
   899 | D:4      | Reached skill level 1 in Shields
   899 | D:4      | Reached skill level 1 in Unarmed Combat
   899 | D:4      | Reached skill level 1 in Spellcasting
   899 | D:4      | Reached skill level 1 in Evocations
  1311 | D:4      | Reached XP level 4. HP: 21/41 MP: 5/5
  1322 | D:4      | Reached skill level 1 in Conjurations
  1322 | D:4      | Reached skill level 1 in Hexes
  1322 | D:4      | Reached skill level 1 in Summonings
  1322 | D:4      | Reached skill level 1 in Necromancy
  1322 | D:4      | Reached skill level 1 in Translocations
  1322 | D:4      | Reached skill level 1 in Transmutations
  1322 | D:4      | Reached skill level 1 in Fire Magic
  1322 | D:4      | Reached skill level 1 in Ice Magic
  1322 | D:4      | Reached skill level 1 in Air Magic
  1322 | D:4      | Reached skill level 1 in Earth Magic
  1322 | D:4      | Reached skill level 1 in Poison Magic
  1325 | D:4      | HP: 2/41 [something/magic dart (5)]
  1326 | D:4      | Slain by an orc wizard

Illustrated notes

Levels and vault maps discovered:
D:4:      layout_layer_cave, minmay_misc_feat_tiny, uniq_eustachio
D:5:      layout_rooms, uniq_ijyb, uniq_grinder

Skill      XL: |  1  2  3  4 |
---------------+-------------+-----
Stealth        | |  9.6
Invocations    | 1 |  1.3
Short Blades   | 1 |  1.2
Long Blades    | 1 |  1.2
Maces & Flails | 1 |  1.2
Polearms       | 1 |  1.2
Staves         | 1 |  1.2
Slings         | 1 |  1.2
Bows           | 1 |  1.2
Crossbows      | 1 |  1.2
Throwing       | 1 |  1.2
Armour         | 1 |  1.2
Shields        | 1 |  1.2
Unarmed Combat | 1 |  1.2
Spellcasting   | 1 |  1.2
Evocations     | 1 |  1.2
Conjurations   | 1 |  1.0
Hexes          | 1 |  1.0
Summonings     | 1 |  1.0
Necromancy     | 1 |  1.0
Translocations | 1 |  1.0
Transmutations | 1 |  1.0
Fire Magic     | 1 |  1.0
Ice Magic      | 1 |  1.0
Air Magic      | 1 |  1.0
Earth Magic    | 1 |  1.0
Poison Magic   | 1 |  1.0
Fighting       | |  6.6
Axes           | |  4.6
Dodging        | |  4.6

Action                   |  1- 3 |  4- 6 || total
-------------------------+-------+-------++-------
Melee: Hand axe          |    16 |    15 ||    31
       Bite              |     7 |     1 ||     8
       Punch             |     1 |       ||     1
       Dagger            |    72 |       ||    72
       Spear             |     1 |       ||     1
Evoke: Wand              |     1 |       ||     1
  Use: Scroll            |     4 |       ||     4
       Potion            |     3 |       ||     3
 Stab: Sleeping          |     2 |       ||     2
       Distracted        |     1 |       ||     1
Armor: Leather armour    |    11 |     2 ||    13
Dodge: Dodged            |    48 |     4 ||    52
